 Dungeon Crawl Stone Soup version 0.26.1-11-gd32895ea62 (webtiles) character file.

Game seed: 1004839346334668794

3395 Zeld the Cruncher (level 10, -3/60 HPs)
             Began as an Octopode Gladiator on May 22, 2021.
             Was a Priest of Okawaru.
             Slain by a black bear (4 damage)
             ... on level 7 of the Dungeon.
             The game lasted 00:07:37 (10157 turns).

Zeld the Cruncher (Octopode Gladiator)             Turns: 10157, Time: 00:07:37

Health: -3/60      AC:  1    Str: 16    XL:     10   Next: 4%
Magic:  10/10      EV:  8    Int: 11    God:    Okawaru [***...]
Gold:   346        SH:  0    Dex: 14    Spells: 9/9 levels left

rFire    . . .     SeeInvis .   s - +3 quarterstaff (chaos)
rCold    . . .     Faith    .   (shield currently unavailable)
rNeg     . . .     Spirit   .   b - +0 hat
rPois    .         Reflect  .   (no amulet)
rElec    .         Harm     .   (no ring)
rCorr    .         Rampage  .   (no ring)
Will     .....                  (no ring)
Stlth    ++........             (no ring)
HPRegen  0.20/turn              (no ring)
MPRegen  0.12/turn              (no ring)
                                (no ring)
                                (no ring)

@: about to teleport, held
A: almost no armour, stealthy swim, amphibious, 8 rings, constrict 8, camouflage
1, gelatinous body 1
a: Renounce Religion, Heroism


You were on level 7 of the Dungeon.
You worshipped Okawaru.
Okawaru was most pleased with you.
You visited 2 branches of the dungeon, and saw 8 of its levels.

You collected 346 gold pieces.

Inventory:

Hand Weapons
 a - a +0 quarterstaff
 s - a +3 quarterstaff of chaos (weapon)
Missiles
 c - 4 throwing nets
 k - 16 poisoned darts (quivered)
Armour
 b - a +0 hat (worn)
Jewellery
 r - an uncursed ring of see invisible {unknown}
Wands
 x - a wand of acid (7)
 A - a wand of iceblast (7)
Scrolls
 d - 7 scrolls of identify {unknown}
 e - 2 scrolls of blinking {unknown}
 f - 3 scrolls of teleportation
 h - 2 scrolls of random uselessness {unknown}
 i - a scroll of fog {unknown}
 l - 2 scrolls of amnesia {unknown}
 n - 2 scrolls of immolation {unknown}
 q - 4 scrolls of remove curse {unknown}
 v - a scroll of magic mapping {unknown}
 y - 2 scrolls of enchant weapon {unknown}
Potions
 g - a potion of ambrosia {unknown}
 j - 2 potions of attraction {unknown}
 m - a potion of brilliance {unknown}
 o - 2 potions of curing
 p - 2 potions of lignification {unknown}
 t - 2 potions of invisibility {unknown}
 u - a potion of haste {unknown}
 w - a potion of degeneration {unknown}
 z - 2 potions of might


   Skills:
 - Level 2.0 Fighting
 * Level 13.6 Staves
 - Level 2.0 Throwing
 - Level 3.0 Dodging


You had 9 spell levels left.
You didn't know any spells.
Your spell library contained the following spells:

 Spells                   Type           Power        Failure   Level
 Animate Skeleton         Necr           0%           34%         1
 Apportation              Tloc           0%           34%         1
 Corona                   Hex            0%           34%         1
 Summon Small Mammal      Summ           0%           34%         1


Dungeon Overview and Level Annotations

Branches:
Dungeon (7/15)             Temple (1/1) D:5

Altars:
Ashenzari
Cheibriados
Dithmenos
Elyvilon
Fedhas
Hepliaklqana
Kikubaaqudgha
Makhleb
Nemelex Xobeh
Okawaru
Qazlal
Ru
Sif Muna
Trog
Uskayaw
Vehumet
Wu Jian
Xom
Zin
The Shining One

Annotations:
D:6 2 transporters, phalm's ghost, novice DECj
D:7 Harold


Innate Abilities, Weirdness & Mutations

You cannot wear most types of armour.
You are very stealthy in the water. (Stealth+)
You are amphibious.
You can wear up to eight rings at the same time.
You can use your tentacles to constrict eight enemies at once.
Your skin changes colour to match your surroundings (Stealth+).
Your rubbery body absorbs attacks. (AC +1, EV +1)


Message History

The black bear bites you. The black bear completely misses you.
The black bear barely misses you. Harold hits you with a +0 mace!!
You struggle against the net.
The orc barely misses you. The white imp puffs mist at you.
The white imp gestures at you. The puff of frost hits you.
* * * LOW HITPOINT WARNING * * *
The black bear bites you.
* * * LOW HITPOINT WARNING * * *
The black bear closely misses you. The black bear claws you.
* * * LOW HITPOINT WARNING * * *
As you read the scroll labelled BOPITIEFFEL, it crumbles to dust.
You feel strangely unstable.
It was a scroll of teleportation.
Harold hits you with a +0 mace.
* * * LOW HITPOINT WARNING * * *
The orc closely misses you. The black bear barely misses you.
The black bear claws you.
* * * LOW HITPOINT WARNING * * *
The black bear claws you.
You die...

.........
.........
........
....<.# #.....
.
...#....####...
#......h.......
#@.......
#....o@...5...
##............
#............
#............
.[...........<
###............
#.....?......


You could see Harold, a black bear, a white imp and an orc.

Vanquished Creatures
  Pikel (D:5)
  A centaur skeleton (D:6)
  A cane toad (shapeshifter) (D:6)
  Maggie (D:6)
  Grinder (D:6)
  Sigmund (D:3)
  Eustachio (D:5)
  A basilisk (shapeshifter) (D:5)
  2 steam dragons (D:6)
  A water moccasin (D:5)
  2 sky beasts
  2 ogres (D:6)
  A lemure (D:6)
  A bullfrog (D:6)
  A howler monkey (D:5)
  A centaur zombie (D:5)
  A quasit (D:6)
  2 orc priests
  Crazy Yiuf (D:3)
  An iguana (D:6)
  4 orc wizards
  2 worker ants
  Terence (D:3)
  A hound skeleton (D:7)
  8 gnolls
  5 adders
  A howler monkey skeleton (D:4)
  An ufetubus (D:6)
  An adder skeleton (D:7)
  5 worms
  2 dart slugs
  2 leopard geckos
  18 orcs
  6 giant cockroaches
  2 goblins
  11 hobgoblins
  18 jackals
  3 quokkas
  12 bats
  8 frilled lizards
  8 kobolds
  10 rats
  A bush (D:1)
154 creatures vanquished.

Vanquished Creatures (others)
  4 fungi (D:6)
4 creatures vanquished.

Grand Total: 158 creatures vanquished

Notes
Turn   | Place    | Note
-------+----------+-------------------------------------------
     0 | D:1      | Zeld the Octopode Gladiator began the quest for the Orb.
     0 | D:1      | Reached XP level 1. HP: 14/14 MP: 1/1
   207 | D:1      | Reached XP level 2. HP: 18/19 MP: 2/2
   473 | D:1      | Reached skill level 4 in Staves
   672 | D:1      | Reached XP level 3. HP: 22/24 MP: 3/3
  1362 | D:2      | Found a glowing golden altar of the Shining One.
  1415 | D:2      | Reached XP level 4. HP: 15/29 MP: 4/4
  1655 | D:2      | Reached skill level 5 in Staves
  2402 | D:3      | Noticed Sigmund
  2676 | D:3      | Killed Sigmund
  2677 | D:3      | Reached skill level 6 in Staves
  2677 | D:3      | Reached XP level 5. HP: 21/34 MP: 5/5
  2677 | D:3      | Reached XP level 6. HP: 24/39 MP: 6/6
  2991 | D:3      | Found a runed translucent door.
  2992 | D:3      | Noticed Crazy Yiuf
  3064 | D:3      | Noticed Terence
  3558 | D:3      | Reached skill level 7 in Staves
  3999 | D:3      | Killed Terence
  4933 | D:3      | Reached XP level 7. HP: 43/45 MP: 7/7
  5384 | D:3      | Killed Crazy Yiuf
  5385 | D:3      | Reached skill level 8 in Staves
  5607 | D:4      | Found a white marble altar of Elyvilon.
  5819 | D:4      | Found a hide-covered altar of Uskayaw.
  5820 | D:4      | Noticed a +0 dagger
  5820 | D:4      | Noticed a +0 dagger
  6108 | D:4      | Found a shimmering altar of Xom.
  6415 | D:5      | Entered Level 5 of the Dungeon
  6459 | D:5      | Found a staircase to the Ecumenical Temple.
  6546 | D:5      | Reached skill level 9 in Staves
  6585 | Temple   | Entered the Ecumenical Temple
  6695 | Temple   | Became a worshipper of Warmaster Okawaru
  6844 | D:5      | Reached XP level 8. HP: 35/50 MP: 8/8
  7077 | D:5      | Noticed a shapeshifter
  7077 | D:5      | an ice beast changed into a shapeshifter
  7077 | D:5      | Noticed an orb spider
  7077 | D:5      | a shapeshifter changed into an orb spider
  7078 | D:5      | an orb spider changed into a basilisk
  7233 | D:5      | Noticed Eustachio
  7243 | D:5      | Killed Eustachio
  7244 | D:5      | Reached skill level 10 in Staves
  7384 | D:5      | Reached * piety under Okawaru
  7927 | D:6      | Reached skill level 11 in Staves
  8307 | D:6      | Found an iron altar of Okawaru.
  8508 | D:6      | Reached XP level 9. HP: 37/54 MP: 9/9
  8605 | D:6      | Found a transporter.
  8611 | D:6      | Noticed phalm's ghost (novice DECj)
  9020 | D:6      | Noticed Grinder
  9028 | D:6      | Killed Grinder
  9028 | D:6      | Reached ** piety under Okawaru
  9029 | D:6      | Reached skill level 12 in Staves
  9448 | D:6      | Found a transporter.
  9490 | D:6      | Noticed Pikel
  9547 | D:5      | Killed Pikel
  9717 | D:6      | Noticed Maggie
  9730 | D:6      | Killed Maggie
  9730 | D:6      | Reached *** piety under Okawaru
  9731 | D:6      | Reached skill level 13 in Staves
 10017 | D:6      | Noticed a cane toad
 10017 | D:6      | a shapeshifter changed into a cane toad
 10019 | D:6      | Killed a cane toad
 10020 | D:6      | Reached XP level 10. HP: 36/60 MP: 10/10
 10152 | D:7      | Noticed Harold
 10157 | D:7      | HP: 1/60 [black bear (3)]
 10157 | D:7      | Slain by a black bear

Illustrated notes

Levels and vault maps discovered:
D:1:      psy_arrival_whirlpool, layout_loops_ring, serial_forest,
          infiniplex_forest_lined_1, infiniplex_forest_clump_cross,
          infiniplex_forest_clump_tiny, infiniplex_forest_straight_2,
          minmay_misc_feat_chi
D:2:      layout_rooms, nicolae_tso_swordbearing_angel, minmay_pentomino_t2
D:3:      layout_rooms, hangedman_feature_mirror, minmay_hedge_maze,
          uniq_terence, uniq_crazy_yiuf_cottage, uniq_sigmund
D:4:      layout_loops_corners, elyvilon_altar_5, dancing_weapons_uskayaw,
          tgw_xom, grunt_ministairs_8, minmay_misc_feat_diagonals
D:5:      layout_loops_ring, temple_statues, uniq_eustachio
D:6:      kennysheep_steamy, layout_cave_pools, gammafunk_ghost_stat_death,
          okawaru_metal_pillars_3, uniq_maggie, uniq_pikel, uniq_grinder
D:7:      layout_rooms, ebering_ghost_disaster_area, grunt_ministairs_13,
          uniq_harold
Temple:   lightli_temple_of_artemis

Skill      XL: |  1  2  3  4  5  6  7  8  9 |
---------------+----------------------------+-----
Staves         | 4 6 7 9 11 13 | 13.6
Fighting       | |  2.0
Throwing       | |  2.0
Dodging        | |  3.0

Action                   |  1- 3 |  4- 6 |  7- 9 | 10-12 || total
-------------------------+-------+-------+-------+-------++-------
Melee: Quarterstaff      |   110 |   113 |   165 |       ||   388
       Constrict         |    20 |    33 |    30 |       ||    83
       Tentacles         |    20 |    28 |    44 |       ||    92
Throw: Dart              |       |       |     7 |       ||     7
  Use: Scroll            |       |       |       |     1 ||     1
 Stab: Sleeping          |     6 |     5 |     5 |       ||    16
       Paralysed         |       |       |     5 |       ||     5
       Distracted        |       |       |     2 |       ||     2
Armor: Skin              |     9 |     8 |    10 |     1 ||    28
Dodge: Dodged            |    73 |    82 |    65 |     9 ||   229
